 Dungeon Crawl Stone Soup version 0.25.0-33-gff14898491 (webtiles) character file.

Game seed: 12711454747653642063

7343 Peloso the Carver (level 10, -3/79 HPs)
             Began as a Demonspawn Fighter on July 7, 2020.
             Slain by a large abomination (19 damage)
             ... on level 1 of the Abyss.
             The game lasted 00:15:49 (8198 turns).

Peloso the Carver (Demonspawn Fighter)              Turns: 8198, Time: 00:15:50

Health: -3/79      AC: 17    Str: 19    XL:     10   Next: 91%
Magic:  10/10      EV:  5    Int: 10    God:
Gold:   360        SH: 12    Dex: 13    Spells: 9/9 levels left

rFire    . . .     SeeInvis .   a - +0 scimitar (elec)
rCold    . . .     Gourm    .   c - +1 kite shield
rNeg     . . .     Faith    .   s - +0 plate armour
rPois    +         Spirit   .   w - +0 helmet
rElec    .         Reflect  .   (no cloak)
rCorr    .         Harm     .   h - +0 pair of gloves
MR       .....                  (no boots)
Stlth    ..........             o - amulet of the acrobat
HPRegen  0.23/turn              k - ring of poison resistance
MPRegen  0.12/turn              (no ring)

@: no status effects
A: claws 1, icy blue scales 1, nightstalker 2, spiny 1
a: no special abilities


You were on level 1 of the Abyss.
You were not hungry.

You visited 1 branch of the dungeon, and saw 9 of its levels.
You visited the Abyss 1 time.

You collected 464 gold pieces.
You spent 104 gold pieces at shops.

Inventory:

Hand Weapons
 a - a +0 scimitar of electrocution (weapon)
 b - a +2 long sword of holy wrath
Armour
 c - a +1 kite shield (worn)
 h - a +0 pair of gloves (worn)
 j - a +0 chain mail
 s - a +0 plate armour (worn)
 w - a +0 helmet (worn)
Jewellery
 k - a ring of poison resistance (left hand)
 o - an amulet of the acrobat (around neck)
Wands
 r - a wand of flame (21)
 x - a wand of polymorph (18)
 y - a wand of random effects (10)
Scrolls
 d - a scroll of enchant weapon
 g - 4 scrolls of identify
 i - 2 scrolls of remove curse
 m - a scroll of amnesia {unknown}
 n - a scroll of teleportation
 q - 3 scrolls of magic mapping {unknown}
 u - a scroll of noise {unknown}
Potions
 e - a potion of cancellation
 l - a potion of curing
 p - a potion of brilliance {unknown}
 t - 3 potions of lignification {unknown}
 v - a potion of invisibility {unknown}
 z - a potion of flight {unknown}
 A - a potion of berserk rage {unknown}
 C - a potion of mutation
Comestibles
 f - 11 rations
 B - 2 chunks of flesh


   Skills:
 + Level 7.0 Fighting
 + Level 9.8 Long Blades
 + Level 7.3 Armour
 + Level 2.3 Dodging
 + Level 1.5 Stealth
 + Level 8.0 Shields


You had 9 spell levels left.
You didn't know any spells.
Your spell library contained the following spells:

 Spells                   Type           Power        Failure   Level  Hunger
 Animate Skeleton         Necr           N/A          100%        1    ##.....
 Pain                     Necr           #...         100%        1    ##.....
 Confusing Touch          Hex            #.......     100%        3    ####...
 Gell's Gravitas          Tloc           #.........   100%        3    ####...
 Vampiric Draining        Necr           #.........   100%        3    ####...
 Animate Dead             Necr           N/A          100%        4    #####..
 Petrify                  Tmut/Erth      #.......     100%        4    #####..
 Agony                    Necr           #.......     100%        5    ######.
 Metabolic Englaciation   Hex/Ice        #.........   100%        5    ######.
 Yara's Violent Unravell  Hex/Tmut       #.........   100%        5    ######.


Dungeon Overview and Level Annotations

Branches:
Dungeon (9/15)               Lair (0/6) D:8             Orc (0/2) D:9
 Temple: D:4-7

Altars:
Cheibriados
Dithmenos
Fedhas
Hepliaklqana
Kikubaaqudgha
Nemelex Xobeh
Trog
Uskayaw
Wu Jian
Xom

Shops:
D:7 *

Annotations:
D:9 3 runed translucent doors, Askman's ghost, novice DsWn; Befo's ghost, novice DDSk


Innate Abilities, Weirdness & Mutations

You have sharp fingernails.
You are partially covered in icy blue scales. (AC +2)
You are significantly more attuned to the shadows.
You are partially covered in sharp spines.


Message History

Your Armour skill increases to level 7!
Your Shields skill increases to level 8!
Unknown command.
You now have 360 gold pieces (gained 32).
A large abomination comes into view.
The large abomination moves out of view.
The large abomination is too close now for your liking.
You slash the large abomination!
The large abomination is moderately damaged.
The large abomination hits you!
* * * LOW HITPOINT WARNING * * *
You hit the large abomination but do no damage.
The large abomination is moderately damaged.
The large abomination is struck by your spines.
The large abomination hits you but does no damage.
You hit the large abomination.
The large abomination is moderately damaged.
The large abomination is struck by your spines.
The large abomination hits you!!
You die...

......# .. #
#.....# #
... ...#.###
.
##.........
.
#...#..#....
. ##........
. #.....#..
. .
#.#..X.....
..
#...@.....
#..........
.
###.#.###..
. . ...... .
#. # ###.#..
. .# . .
.###


You could see a large abomination.

Vanquished Creatures
  A tentacled starspawn (Abyss:1)
  Harold (D:8)
  A deep elf mage (D:8)
  An elephant (D:8)
  2 hippogriffs
  A basilisk (D:8)
  2 wargs (D:9)
  A water moccasin (D:8)
  5 orc warriors
  A sky beast (D:5)
  3 phantoms
  An ice beast (D:5)
  2 ogres (D:4)
  4 centaurs
  A crocodile (D:8)
  2 big kobolds
  3 bullfrogs
  A scorpion (D:4)
  A wyvern skeleton (D:9)
  5 crimson imps
  2 bullfrog zombies
  A quasit (D:8)
  2 centaur zombies
  A jelly (D:8)
  7 hounds
  A gnoll shaman (D:4)
  4 orc priests
  Crazy Yiuf (D:2)
  Ijyb (D:3)
  Terence (D:2)
  An iguana (D:4)
  5 worker ants
  7 orc wizards
  3 gnolls (D:4)
  11 adders
  A howler monkey skeleton (D:4)
  A shadow imp (D:9)
  An ooze (D:1)
  2 adder skeletons (D:4)
  2 worms
  4 dart slugs
  3 leopard geckos
  35 orcs
  A ball python (D:8)
  6 bats
  7 goblins
  9 hobgoblins
  8 jackals
  5 quokkas
  7 frilled lizards
  23 kobolds
  11 rats
213 creatures vanquished.

Vanquished Creatures (others)
  2 starspawn tentacles (Abyss:1)
2 creatures vanquished.

Grand Total: 215 creatures vanquished

Notes
Turn   | Place    | Note
-------+----------+-------------------------------------------
     0 | D:1      | Peloso the Demonspawn Fighter began the quest for the Orb.
     0 | D:1      | Reached XP level 1. HP: 18/18 MP: 1/1
   420 | D:1      | Gained mutation: You are partially covered in sharp spines.
                  | [demonic ancestry]
   420 | D:1      | Reached XP level 2. HP: 24/24 MP: 2/2
   462 | D:1      | Reached skill level 2 in Long Blades
   592 | D:1      | Gained mutation: You are partially covered in icy blue
                  | scales. (AC +2) [demonic ancestry]
   592 | D:1      | Reached XP level 3. HP: 29/29 MP: 3/3
   998 | D:2      | Found an ornate altar of the Wu Jian Council.
  1130 | D:2      | Found a blossoming altar of Fedhas.
  1148 | D:2      | Noticed a +0 hand axe
  1149 | D:2      | Noticed a +0 hand axe
  1207 | D:2      | Found a hide-covered altar of Uskayaw.
  1275 | D:2      | Found a runed translucent door.
  1276 | D:2      | Noticed Crazy Yiuf
  1348 | D:2      | Noticed Terence
  1359 | D:2      | Killed Terence
  1359 | D:2      | Reached XP level 4. HP: 27/36 MP: 4/4
  1431 | D:2      | Found a faded altar of an unknown god.
  1636 | D:2      | Killed Crazy Yiuf
  1891 | D:3      | Reached skill level 3 in Long Blades
  1891 | D:3      | Gained mutation: You are slightly more attuned to the
                  | shadows. [demonic ancestry]
  1891 | D:3      | Reached XP level 5. HP: 41/42 MP: 5/5
  1896 | D:3      | Noticed Ijyb
  2417 | D:3      | Killed Ijyb
  2537 | D:3      | Found a shadowy altar of Dithmenos.
  2567 | D:3      | Noticed a centaur
  2576 | D:3      | Killed a centaur
  2576 | D:3      | Reached XP level 6. HP: 42/48 MP: 6/6
  2633 | D:3      | Reached skill level 4 in Long Blades
  2633 | D:3      | Reached skill level 1 in Dodging
  3069 | D:5      | Entered Level 5 of the Dungeon
  3230 | D:4      | Gained mutation: You have sharp fingernails. [demonic
                  | ancestry]
  3230 | D:4      | Reached XP level 7. HP: 29/54 MP: 7/7
  3382 | D:4      | Found a shimmering altar of Xom.
  3398 | D:4      | Found a sparkling altar of Nemelex Xobeh.
  3410 | D:4      | HP: 2/54 [poisoned by a worker ant]
  4027 | D:4      | Reached skill level 5 in Long Blades
  4276 | D:4      | Reached skill level 1 in Stealth
  4497 | D:5      | Reached XP level 8. HP: 36/61 MP: 8/8
  4716 | D:5      | Reached skill level 6 in Long Blades
  5133 | D:5      | Found a hazy altar of Hepliaklqana.
  5365 | D:5      | Found a snail-covered altar of Cheibriados.
  5365 | D:5      | Found an ancient bone altar of Kikubaaqudgha.
  5552 | D:6      | Reached skill level 5 in Fighting
  5552 | D:6      | Reached skill level 5 in Armour
  5573 | D:6      | You fall into a shaft and drop 3 floors!
  5622 | D:9      | Reached skill level 5 in Shields
  5660 | D:9      | Found a staircase to the Orcish Mines.
  5843 | D:9      | Reached skill level 7 in Long Blades
  5843 | D:9      | Gained mutation: You are significantly more attuned to the
                  | shadows. [demonic ancestry]
  5843 | D:9      | Reached XP level 9. HP: 44/68 MP: 9/9
  6264 | D:9      | Found a runed translucent gate.
  6264 | D:9      | Found a runed translucent gate.
  6264 | D:9      | Found a runed translucent gate.
  6268 | D:9      | Noticed Askman's ghost (novice DsWn)
  6268 | D:9      | Noticed Befo's ghost (novice DDSk)
  6778 | D:8      | Noticed a deep elf mage
  6789 | D:8      | Killed a deep elf mage
  6888 | D:8      | Noticed Harold
  6898 | D:8      | Killed Harold
  6898 | D:8      | Reached skill level 8 in Long Blades
  6898 | D:8      | Reached XP level 10. HP: 61/76 MP: 10/10
  7154 | D:8      | Noticed an elephant
  7193 | D:8      | Killed an elephant
  7424 | D:8      | Found a staircase to the Lair.
  7438 | D:8      | Reached skill level 9 in Long Blades
  7893 | D:7      | Found a bloodstained altar of Trog.
  8066 | D:7      | Found Lubeir's General Store.
  8073 | D:7      | Bought a potion of mutation for 104 gold pieces
  8102 | D:7      | Cast into level 1 of the Abyss (gnoll)
  8129 | Abyss:1  | Noticed a tentacled starspawn
  8140 | Abyss:1  | Killed a tentacled starspawn
  8190 | Abyss:1  | Noticed a large abomination
  8198 | Abyss:1  | Slain by a large abomination

Illustrated notes

Levels and vault maps discovered:
D:1:      shiori_shiawase, layout_basic, minmay_split_cup_small
D:2:      layout_basic, dancing_weapons_uskayaw, lemuel_round_altar,
          chequers_ecumenical_altar_simple_redux, fedhas_altar_fruit_tree,
          uniq_crazy_yiuf_cottage, uniq_terence
D:3:      layout_basic, nicolae_dithmenos_through_a_glass_darkly, first_ration,
          uniq_ijyb
D:4:      cheibrodos_barr_body, layout_rooms, overflow_temple_1_default,
          lemuel_round_altar, minmay_goblin_kobold_house
D:5:      layout_loops_corners, gammafunk_temple_overflow_pools,
          old_standard_altar
D:6:      layout_layer_cave, old_standard_altar, corexii_checkpoint_a,
          uniq_grinder, uniq_maggie
D:7:      layout_basic, zin_purify, nicolae_overflow_hidden_temple,
          minmay_temple_entry_mist, serial_shops, shop_fountains,
          xom_teletrap_fun
D:8:      layout_basic, david_lair_generic, minmay_misc_feat_rugged, uniq_harold
D:9:      layout_basic, erik_orc_4, gammafunk_ghost_cemetery
Abyss:1:  base:
D:1

Skill      XL: |  1  2  3  4  5  6  7  8  9 10 |
---------------+-------------------------------+-----
Armour         | 3 4 5 6 7 |  7.3
Long Blades    | 2 3 4 5 7 8 9 |  9.8
Shields        | 3 4 5 6 8 |  8.0
Fighting       | 4 5 6 7 |  7.0
Dodging        | 1 2 |  2.3
Stealth        | 1 |  1.5

Action                   |  1- 3 |  4- 6 |  7- 9 | 10-12 || total
-------------------------+-------+-------+-------+-------++-------
Melee: Long sword        |    99 |   136 |   166 |       ||   401
       Unarmed           |       |    10 |       |       ||    10
       Scimitar          |       |       |   144 |   110 ||   254
  Use: Scroll            |     4 |     5 |     2 |       ||    11
       Potion            |       |     1 |     1 |       ||     2
 Stab: Sleeping          |       |       |     1 |       ||     1
  Eat: Chunk             |     2 |     6 |     8 |     5 ||    21
       Ration            |       |       |     1 |       ||     1
Armor: Scale mail        |    51 |    45 |     6 |       ||   102
       Chain mail        |       |       |    82 |       ||    82
       Plate armour      |       |       |    34 |    57 ||    91
Dodge: Dodged            |    24 |    47 |    77 |    36 ||   184
Block: Kite shield       |    46 |    94 |   167 |    79 ||   386
       Rpst.: Long sword |     8 |    16 |    10 |       ||    34
       Scimitar          |       |       |    11 |    10 ||    21
